Map: Glittering Ashes LE

Players

deribou

  • Race: Terran Terran
  • League: Master

A.I. 1 (Very Easy) - Winner!

  • Race: Zerg Zerg

VOD

Have the link to the VOD?

Description

Time

  • Played on: Oct. 28, 2021, 1:43 a.m.
  • Length: 6:34
Show
View Real Time Build Order
Export as new Build Order

deribou Terran 

Build Orders: Command Center First (CC) 

Get SALT Encoding   

  12  0:00  SCV  
  13  0:12  SCV  
  14  0:17  Supply Depot  
  14  0:24  SCV  
  15  0:38  SCV  
  16  0:50  SCV  
  17  0:59  Command Center  
  17  1:03  SCV  
  18  1:12  Barracks  
  18  1:15  SCV  
  19  1:22  Refinery  
  19  1:27  SCV  
  19  1:30  Refinery  
  20  1:39  SCV  
  21  1:47  Barracks  
  21  1:51  SCV  
  22  2:00  Reaper  
  23  2:05  Orbital Command  
  23  2:14  Orbital Command  
  23  2:25  Factory  
  23  2:30  SCV  
  23  2:32  Barracks Reactor  
  23  2:35  Barracks Tech Lab  
  24  2:40  SCV  
  24  2:43  SCV  
  26  2:52  SCV  
  26  2:54  Marine  
  26  2:55  Stimpack, Supply Depot  
  26  2:58  SCV  
  29  3:04  SCV  
  30  3:09  Marine x2  
  30  3:10  Starport  
  33  3:12  SCV  
  33  3:15  Marine  
  33  3:18  Factory Reactor  
  34  3:21  SCV  
  34  3:25  SCV  
  36  3:28  Marine x2  
  36  3:33  Supply Depot  
  38  3:35  Marine  
  38  3:36  SCV  
  38  3:37  SCV  
  41  3:45  Marine  
  41  3:46  Marine  
  41  3:48  SCV  
  44  3:49  SCV  
  44  3:53  Marine  
  46  3:56  Supply Depot  
  46  4:00  SCV  
  46  4:01  SCV, Medivac  
  46  4:02  Medivac  
  52  4:05  Marine x2  
  52  4:06  Factory Tech Lab, Refinery  
  54  4:15  Engineering Bay  
  54  4:17  Marine  
  54  4:18  SCV x2, Supply Depot  
  54  4:20  Supply Depot  
  57  4:24  Marine x2  
  57  4:27  Siege Tank  
  62  4:37  Combat Shield  
  62  4:40  SCV x2  
  62  4:42  Barracks  
  62  4:43  Supply Depot  
  64  4:46  Marine x3  
  64  4:47  Starport Reactor  
  67  4:58  SCV x2  
  69  5:01  Widow Mine  
  69  5:03  Marine  
  69  5:04  Marine x2  
  69  5:06  Refinery  
  74  5:10  SCV  
  74  5:11  SCV  
  74  5:13  Supply Depot  
  76  5:15  Supply Depot  
  76  5:21  Marine  
  76  5:22  Marine x2  
  76  5:24  Siege Tank  
  82  5:30  Marine x2  
  82  5:31  Medivac  
  86  5:36  Medivac  
  86  5:38  Supply Depot  
  86  5:40  Marine x3  
  86  5:41  Supply Depot  
  91  5:46  SCV  
  91  5:48  Marine x2  
  94  5:58  Marine x2  
  94  5:59  Marine  
  94  6:00  Siege Tank  
  100  6:12  Marine x2  
  106  6:20  Command Center, Supply Depot  
Show
View Real Time Build Order
Export as new Build Order

A.I. 1 (Very Easy) Zerg - Winner!

Build Orders: Pool Only 

Get SALT Encoding   

  12  0:01  Drone  
  13  0:12  Overlord  
  13  0:16  Drone  
  14  0:35  Spawning Pool  
  13  0:37  Extractor  
  13  0:39  Drone  
  13  0:47  Drone  
  14  0:52  Overlord  
  14  1:22  Zergling x2, Queen  
  17  1:32  Roach Warren  
  16  1:33  Extractor  
  16  1:36  Drone  
  16  1:43  Drone  
  17  1:50  Zergling x2  
  18  2:03  Drone  
  19  2:10  Drone  
  20  2:18  Zergling x2  
  20  2:19  Drone  
  22  2:29  Overlord  
  22  2:34  Drone  
  23  2:41  Drone  
  24  2:46  Roach  
  24  2:48  Drone  
Tags
 
Add a new tag
Caveats
  • Supply blocks, unpowered buildings, or Contaminate may cause inaccurate times.
  • Supply counts are checked every 10 seconds.